MLB
NEW YORK METS @ SAN DIEGO PADRES
03/25/2045
 
TOP OF THE 1ST
New York Mets batting - Pitching for San Diego Padres : RHP Toby Williams
Pitching: RHP Toby Williams
Batting: SHB Nelle van den Berg 0-0: Ball
1-0: Ball
2-0: Foul Ball, location: 2F
2-1: Foul Ball, location: 2F
2-2: Reached on error, E3 (Groundball, 34D, EV 104.4 MPH)
Batting: SHB Gus Berry 0-0: Foul Ball, location: 2F
0-1: Ball
1-1: Ball
2-1: Ball
3-1: Base on Balls
Nelle van den Berg to second
Batting: SHB Sean Cook 0-0: Called Strike
0-1: Foul Ball, location: 2F
0-2: Ball
1-2: Foul Ball, location: 2F
1-2: Ball
2-2: Grounds into double play, 4-6-3 (Groundball, 34, EV 91.3 MPH)
Nelle van den Berg to third
Batting: SHB Harry Hoop 0-0: Swinging Strike
0-1: Ball
1-1: SINGLE (Groundball, 4MD, EV 111.9 MPH)
Nelle van den Berg scores
Batting: LHB Kevin Bellman 0-0: Ball
1-0: Called Strike
1-1: Ball
2-1: Ball
3-1: Foul Ball, location: 2F
3-2: DOUBLE (Groundball, 3L, EV 97.5 MPH)
Harry Hoop to third
Harry Hoop scores
Batting: SHB Jonathan Jenkins 0-0: Ground out 6-3 (Groundball, 6, EV 103.8 MPH)
Top of the 1st over - 2 runs, 2 hits, 1 error, 1 left on base; New York 2 - San Diego 0
BOTTOM OF THE 1ST
San Diego Padres batting - Pitching for New York Mets : RHP Matt McAtee
Pitching: RHP Matt McAtee
Batting: SHB Jerry Luckwell 0-0: Ball
1-0: Ball
2-0: Foul Ball, location: 2F
2-1: Ground out 6-3 (Groundball, 6M, EV 79.4 MPH)
Batting: LHB Ryan Flynn Jr. 0-0: Called Strike
0-1: Ball
1-1: Foul Ball, location: 2F
1-2: Strikes out swinging
Batting: LHB Mike Holt 0-0: Ground out U3 (Groundball, 34, EV 86.3 MPH)
Bottom of the 1st over - 0 runs, 0 hits, 0 errors, 0 left on base; New York 2 - San Diego 0
TOP OF THE 2ND
New York Mets batting - Pitching for San Diego Padres : RHP Toby Williams
Batting: RHB Jeff Jank 0-0: Ground out 6-3 (Groundball, 6, EV 84.4 MPH)
Batting: RHB Jesus Chavez 0-0: SOLO HOME RUN (Flyball, 89XD, EV 110.6 MPH), Distance : 417 ft
Batting: SHB Roberto Magne 0-0: Called Strike
0-1: Ball
1-1: Ground out U3 (Groundball, 3, EV 100.6 MPH)
Batting: SHB Nelle van den Berg 0-0: Foul Ball, location: 2F
0-1: Ball
1-1: Ball
2-1: Foul Ball, location: 2F
2-2: SOLO HOME RUN (Flyball, 89XD, EV 103.8 MPH), Distance : 425 ft
Batting: SHB Gus Berry 0-0: DOUBLE (Line Drive, 9LS, EV 93.8 MPH)
Batting: SHB Sean Cook 0-0: Ball
1-0: Foul Ball, location: 2F
1-1: Foul Ball, location: 2F
1-2: Foul Ball, location: 2F
1-2: Ball
2-2: Ball
3-2: Foul Ball, location: 2F
3-2: Base on Balls
Batting: SHB Harry Hoop 0-0: Called Strike
0-1: Foul Ball, location: 2F
0-2: Foul Ball, location: 2F
0-2: Ball
1-2: Ball
2-2: 3-RUN HOME RUN (Flyball, 9LD, EV 93.1 MPH), Distance : 354 ft
Pitching: LHP Blaine Whitmore
Batting: LHB Kevin Bellman 0-0: Called Strike
0-1: Ball
1-1: Foul Ball, location: 2F
1-2: Ball
2-2: Ball
3-2: Ground out 6-3 (Groundball, 6M, EV 95.6 MPH)
Top of the 2nd over - 5 runs, 4 hits, 0 errors, 0 left on base; New York 7 - San Diego 0
BOTTOM OF THE 2ND
San Diego Padres batting - Pitching for New York Mets : RHP Matt McAtee
Batting: RHB Kevin Howard 0-0: Called Strike
0-1: Ball
1-1: Called Strike
1-2: Ball
2-2: Ball
3-2: Base on Balls
Batting: RHB Chiel Palstermans 0-0: Called Strike
0-1: Ball
1-1: SINGLE (Line Drive, 78S, EV 112.5 MPH)
Kevin Howard to second
Batting: LHB Aaron LeBlanc 0-0: Swinging Strike
0-1: DOUBLE (Line Drive, 7LM, EV 105.0 MPH)
Kevin Howard scores
Chiel Palstermans to third
Runner from 3rd tries for Home, throw by LF and OUT! 7-6-2
Pinch Runner at 2nd Carlos Reyes:
Batting: RHB Alberto Cotto 0-0: Called Strike
0-1: Ball
1-1: Ground out 5-3 (Groundball, 56, EV 85.6 MPH)
Batting: LHB Chris Moody 0-0: Ball
1-0: Called Strike
1-1: Swinging Strike
1-2: Ball
2-2: Ground out U3 (Groundball, 3S, EV 85.0 MPH)
Bottom of the 2nd over - 1 run, 2 hits, 0 errors, 1 left on base; New York 7 - San Diego 1
TOP OF THE 3RD
New York Mets batting - Pitching for San Diego Padres : LHP Blaine Whitmore
Batting: SHB Jonathan Jenkins 0-0: Ball
1-0: Ball
2-0: Called Strike
2-1: Ball
3-1: Base on Balls
Batting: RHB Jeff Jank 0-0: Called Strike
0-1: Foul Ball, location: 2F
0-2: Ball
1-2: Ball
2-2: Ball
3-2: Foul Ball, location: 2F
3-2: Base on Balls
Jonathan Jenkins to second
Batting: RHB Jesus Chavez 0-0: Swinging Strike
0-1: Ball
1-1: Swinging Strike
1-2: Ball
2-2: Ball
3-2: Foul Ball, location: 2F
3-2: Grounds into double play, 6-4-3 (Groundball, 6, EV 83.8 MPH)
Jonathan Jenkins to third
Batting: SHB Roberto Magne 0-0: Ball
1-0: Swinging Strike
1-1: Ball
2-1: Ball
3-1: Called Strike
3-2: Foul Ball, location: 2F
3-2: Foul Ball, location: 2F
3-2: Strikes out looking
Top of the 3rd over - 0 runs, 0 hits, 0 errors, 1 left on base; New York 7 - San Diego 1
BOTTOM OF THE 3RD
San Diego Padres batting - Pitching for New York Mets : RHP Matt McAtee
Batting: RHB Rodolfo Rivera 0-0: Ball
1-0: Ball
2-0: Called Strike
2-1: SINGLE (Line Drive, 4, EV 95.0 MPH)
Batting: SHB Jerry Luckwell 0-0: Called Strike
0-1: Grounds into double play, 4-6-3 (Groundball, 4, EV 99.4 MPH)
Batting: LHB Ryan Flynn Jr. 0-0: Called Strike
0-1: Called Strike
0-2: Strikes out swinging
Bottom of the 3rd over - 0 runs, 1 hit, 0 errors, 0 left on base; New York 7 - San Diego 1
TOP OF THE 4TH
New York Mets batting - Pitching for San Diego Padres : LHP Blaine Whitmore
Batting: SHB Nelle van den Berg 0-0: Called Strike
0-1: DOUBLE (Line Drive, 3D, EV 98.8 MPH)
Pitching: RHP Chris Leavitt
Batting: SHB Gus Berry 0-0: Ball
1-0: Called Strike
1-1: Ball
2-1: Hit by Pitch
Batting: SHB Sean Cook 0-0: Ball
1-0: Ball
2-0: Ball
3-0: Called Strike
3-1: Base on Balls
Nelle van den Berg to third
Gus Berry to second
Batting: SHB Harry Hoop 0-0: Ball
1-0: Ball
2-0: Ball
3-0: Called Strike
3-1: Swinging Strike
3-2: Foul Ball, location: 2F
3-2: Base on Balls
Nelle van den Berg scores
Gus Berry to third
Sean Cook to second
Batting: LHB Kevin Bellman 0-0: Called Strike
0-1: Called Strike
0-2: Foul Ball, location: 2F
0-2: Strikes out swinging
Batting: SHB Jonathan Jenkins 0-0: Called Strike
0-1: Ball
1-1: Swinging Strike
1-2: Ball
2-2: Ball
3-2: Foul Ball, location: 2F
3-2: Base on Balls
Gus Berry scores
Sean Cook to third
Harry Hoop to second
Batting: RHB Jeff Jank 0-0: Grounds into double play, 5-4-3 (Groundball, 56, EV 79.4 MPH)
Top of the 4th over - 2 runs, 1 hit, 0 errors, 2 left on base; New York 9 - San Diego 1
BOTTOM OF THE 4TH
San Diego Padres batting - Pitching for New York Mets : RHP Matt McAtee
Batting: LHB Mike Holt 0-0: Called Strike
0-1: Ball
1-1: Foul Ball, location: 2F
1-2: Ball
2-2: Foul Ball, location: 2F
2-2: Ball
3-2: SINGLE (Groundball, 4D, EV 100.0 MPH)
Batting: RHB Kevin Howard 0-0: Ball
1-0: Ball
2-0: Ball
3-0: Base on Balls
Mike Holt to second
Batting: RHB Chiel Palstermans 0-0: Called Strike
0-1: DOUBLE (Line Drive, 9LD, EV 102.5 MPH)
Mike Holt scores
Kevin Howard to third
Batting: RHB Carlos Reyes 0-0: Swinging Strike
0-1: Swinging Strike
0-2: Strikes out swinging, 2-3 out at first.
Batting: RHB Alberto Cotto 0-0: Ball
1-0: Swinging Strike
1-1: Ball
2-1: SINGLE (Flyball, 3D, EV 94.4 MPH)
Kevin Howard scores
Chiel Palstermans to third
Batting: LHB Chris Moody 0-0: Swinging Strike
0-1: Swinging Strike
0-2: Reached on error, E7 (Flyball, 7LD, EV 96.3 MPH)
Chiel Palstermans scores
Alberto Cotto to third
Batting: RHB Rodolfo Rivera 0-0: Ball
1-0: SINGLE (Groundball, 56D, EV 101.3 MPH)
Alberto Cotto scores
Chris Moody to third
Runner from 3rd tries for Home, SAFE, throw by LF to home
Pitching: RHP Ron Hawkins
Batting: SHB Jerry Luckwell 0-0: Swinging Strike
0-1: Ball
1-1: Ball
2-1: Ball
3-1: Base on Balls
Rodolfo Rivera to second
Batting: LHB Ryan Flynn Jr. 0-0: Called Strike
0-1: Swinging Strike
0-2: Ball
1-2: Strikes out looking
Batting: LHB Mike Holt 0-0: Ball
1-0: Foul Ball, location: 2F
1-1: Foul Ball, location: 2F
1-2: Ball
2-2: Foul Ball, location: 2F
2-2: Fly out, F6 (Popup, P, EV 81.9 MPH)
Bottom of the 4th over - 5 runs, 4 hits, 1 error, 2 left on base; New York 9 - San Diego 6
TOP OF THE 5TH
New York Mets batting - Pitching for San Diego Padres : RHP Chris Leavitt
Batting: RHB Jesus Chavez 0-0: SINGLE (Groundball, 6MD, EV 98.1 MPH)
Batting: SHB Roberto Magne 0-0: Ball
1-0: Foul Ball, location: 2F
1-1: Foul Ball, location: 2F
1-2: Strikes out swinging
Pinch Hitting: SHB Scott Bartholomew 0-0: Called Strike
0-1: Foul Ball, location: 2F
0-2: Ball
Wild Pitch!
Jesus Chavez to second
1-2: Foul Ball, location: 2F
1-2: Strikes out swinging
Pitching: RHP Jadon Martin
Pinch Hitting: LHB Sal Fernandez 0-0: Called Strike
0-1: Called Strike
0-2: Ball
1-2: Foul Ball, location: 2F
1-2: Ground out U3 (Groundball, 34, EV 99.4 MPH)
Top of the 5th over - 0 runs, 1 hit, 0 errors, 1 left on base; New York 9 - San Diego 6
BOTTOM OF THE 5TH
San Diego Padres batting - Pitching for New York Mets : RHP Ron Hawkins
Now at SS: Scott Bartholomew
Now in CF: Javy Rosa
Batting: RHB Kevin Howard 0-0: Foul Ball, location: 2F
0-1: Ground out 5-3 (Groundball, 56, EV 81.3 MPH)
Batting: RHB Chiel Palstermans 0-0: Ball
1-0: Ball
2-0: Ball
3-0: Base on Balls
Batting: RHB Carlos Reyes 0-0: Ball
1-0: Grounds into double play, 1-6-3 (Groundball, 13S, EV 68.8 MPH)
Bottom of the 5th over - 0 runs, 0 hits, 0 errors, 0 left on base; New York 9 - San Diego 6
TOP OF THE 6TH
New York Mets batting - Pitching for San Diego Padres : RHP Jadon Martin
Pinch Hitting: LHB Ben Goldstein 0-0: Called Strike
0-1: Ground out 6-3 (Groundball, 6M, EV 83.8 MPH)
Batting: SHB Harry Hoop 0-0: Swinging Strike
0-1: Ball
1-1: DOUBLE (Flyball, 89D, EV 90.0 MPH)
Pinch Hitting: SHB Tomas Caldera 0-0: Called Strike
0-1: Called Strike
0-2: Strikes out swinging
Pinch Hitting: SHB Scott Scott 0-0: Ball
1-0: SINGLE (Line Drive, 56, EV 96.9 MPH)
Harry Hoop to third
Runner from 3rd tries for Home, SAFE, throw by LF to home
Pinch Hitting: RHB Steven Romanovsky 0-0: Called Strike
0-1: Fly out, F8 (Flyball, 89XD, EV 109.4 MPH)
Top of the 6th over - 1 run, 2 hits, 0 errors, 1 left on base; New York 10 - San Diego 6
BOTTOM OF THE 6TH
San Diego Padres batting - Pitching for New York Mets : RHP Ron Hawkins
Now at 1B: Steven Romanovsky
Now at 2B: Scott Scott
Now at 3B: Tomas Caldera
Now in RF: Ben Goldstein
Batting: RHB Alberto Cotto 0-0: Ball
1-0: Foul Ball, location: 2F
1-1: Foul Ball, location: 2F
1-2: Strikes out swinging
Batting: LHB Chris Moody 0-0: Ball
1-0: Called Strike
1-1: Ball
2-1: Foul Ball, location: 2F
2-2: Foul Ball, location: 2F
2-2: Ball
3-2: SINGLE (Flyball, 8LS, EV 93.1 MPH)
Batting: RHB Rodolfo Rivera 0-0: Ball
1-0: Called Strike
1-1: Ball
2-1: Ball
3-1: Grounds into double play, 4-6-3 (Groundball, 4, EV 87.5 MPH)
Bottom of the 6th over - 0 runs, 1 hit, 0 errors, 0 left on base; New York 10 - San Diego 6
TOP OF THE 7TH
New York Mets batting - Pitching for San Diego Padres : RHP Jadon Martin
Batting: RHB Jesus Chavez 0-0: Ball
1-0: Ball
2-0: Called Strike
2-1: Foul Ball, location: 2F
2-2: Foul Ball, location: 2F
2-2: SOLO HOME RUN (Flyball, 7LD, EV 95.0 MPH), Distance : 361 ft
Batting: SHB Roberto Magne 0-0: Foul Ball, location: 2F
0-1: Swinging Strike
0-2: Ball
1-2: Strikes out swinging
Batting: SHB Scott Bartholomew 0-0: Ball
1-0: Foul Ball, location: 2F
1-1: Ball
2-1: Ground out 4-3 (Groundball, 4, EV 77.5 MPH)
Batting: SHB Javy Rosa 0-0: Ground out U3 (Groundball, 3, EV 88.8 MPH)
Top of the 7th over - 1 run, 1 hit, 0 errors, 0 left on base; New York 11 - San Diego 6
BOTTOM OF THE 7TH
San Diego Padres batting - Pitching for New York Mets : RHP Ron Hawkins
Pinch Hitting: RHB Jose Morrissey 0-0: Called Strike
0-1: Fly out, F7 (Flyball, 78D, EV 106.3 MPH)
Pinch Hitting: LHB Per Meulengracht 0-0: Ball
1-0: Ball
2-0: SINGLE (Line Drive, 6M, EV 100.6 MPH)
Batting: LHB Mike Holt 0-0: Ball
1-0: Ball
2-0: Ball
3-0: Base on Balls
Per Meulengracht to second
Pinch Hitting: RHB Bobby Ayala 0-0: Called Strike
0-1: Foul Ball, location: 2F
0-2: Ball
1-2: Ball
2-2: Fly out, F7 (Flyball, 7LM, EV 88.1 MPH)
Pitching: LHP Sam Schrecengost
Batting: RHB Chiel Palstermans 0-0: Called Strike
0-1: Foul Ball, location: 2F
0-2: Foul Ball, location: 2F
0-2: Ball
1-2: Ground out 3-1 (Groundball, 13, EV 88.8 MPH)
Bottom of the 7th over - 0 runs, 1 hit, 0 errors, 2 left on base; New York 11 - San Diego 6
TOP OF THE 8TH
New York Mets batting - Pitching for San Diego Padres : RHP Jadon Martin
Now at 1B: Bobby Ayala
Now at 3B: Jose Morrissey
Now in LF: Per Meulengracht
Now in CF: Mike Holt
Now in RF: Chris Moody
Batting: LHB Ben Goldstein 0-0: Swinging Strike
0-1: Foul Ball, location: 2F
0-2: Strikes out swinging
Pitching: RHP Tristan Vollmer
Batting: SHB Harry Hoop 0-0: Called Strike
0-1: Ball
1-1: SINGLE (Line Drive, 8RS, EV 95.0 MPH)
Batting: SHB Tomas Caldera 0-0: Ball
1-0: Ball
2-0: Called Strike
2-1: Called Strike
Harry Hoop steals 2nd base
2-2: Foul Ball, location: 2F
2-2: SINGLE (Groundball, 34S, EV 66.3 MPH) (infield hit)
Harry Hoop to third
Batting: SHB Scott Scott 0-0: Called Strike
Tomas Caldera steals 2nd base (no throw)
0-1: Swinging Strike
0-2: Foul Ball, location: 2F
0-2: Ball
1-2: Ball
2-2: Ground out 4-3 (Groundball, 4M, EV 103.8 MPH)
Harry Hoop scores
Tomas Caldera to third
Batting: RHB Steven Romanovsky 0-0: Ball
1-0: Called Strike
1-1: Fly out, F9 (Flyball, 9LS, EV 95.6 MPH)
Top of the 8th over - 1 run, 2 hits, 0 errors, 1 left on base; New York 12 - San Diego 6
BOTTOM OF THE 8TH
San Diego Padres batting - Pitching for New York Mets : LHP Sam Schrecengost
Batting: RHB Carlos Reyes 0-0: Called Strike
0-1: Foul Ball, location: 2F
0-2: Ball
1-2: Strikes out swinging
Pinch Hitting: RHB Alois Wollf 0-0: Foul Ball, location: 2F
0-1: Foul Ball, location: 2F
0-2: Ball
1-2: Strikes out swinging
Batting: LHB Chris Moody 0-0: Called Strike
0-1: Fly out, F2 (Popup, 2L, EV 83.1 MPH)
Bottom of the 8th over - 0 runs, 0 hits, 0 errors, 0 left on base; New York 12 - San Diego 6
TOP OF THE 9TH
New York Mets batting - Pitching for San Diego Padres : RHP Tristan Vollmer
Now at 2B: Alois Wollf
Batting: SHB Josh Schultze 0-0: Called Strike
0-1: Swinging Strike
0-2: Ball
1-2: Ball
2-2: Ball
3-2: Base on Balls
Batting: SHB Roberto Magne 0-0: Ball
1-0: Ball
2-0: Foul Ball, location: 2F
Balk!
Josh Schultze to second
2-1: Fly out, F6 (Flyball, 6D, EV 83.1 MPH)
Pitching: RHP Sean Rice
Batting: SHB Scott Bartholomew 0-0: Called Strike
0-1: Ball
1-1: Called Strike
1-2: SINGLE (Groundball, 6D, EV 103.8 MPH)
Josh Schultze to third
Batting: SHB Javy Rosa 0-0: Ball
1-0: Ball
Wild Pitch!
Josh Schultze scores
Scott Bartholomew to second
2-0: Ball
3-0: Called Strike
3-1: Called Strike
3-2: Foul Ball, location: 2F
3-2: Fly out, F3 (Popup, 3SF, EV 88.1 MPH)
Batting: LHB Ben Goldstein 0-0: Ball
1-0: Ball
2-0: Ball
3-0: Base on Balls
Batting: SHB Harry Hoop 0-0: Called Strike
0-1: Foul Ball, location: 2F
0-2: Ball
1-2: Ball
2-2: 3-RUN HOME RUN (Flyball, 7D, EV 98.1 MPH), Distance : 410 ft
Batting: SHB Tomas Caldera 0-0: Ball
1-0: Swinging Strike
1-1: Foul Ball, location: 2F
1-2: Ball
2-2: Ball
3-2: Ground out 5-3 (Groundball, 5, EV 86.3 MPH)
Top of the 9th over - 4 runs, 2 hits, 0 errors, 0 left on base; New York 16 - San Diego 6
BOTTOM OF THE 9TH
San Diego Padres batting - Pitching for New York Mets : LHP Sam Schrecengost
Pinch Hitting: LHB Joseph Martin 0-0: Called Strike
0-1: Ball
1-1: Foul Ball, location: 2F
1-2: Ball
2-2: Ball
3-2: Foul Ball, location: 2F
3-2: Ground out 4-3 (Groundball, 4S, EV 90.0 MPH)
Batting: RHB Jose Morrissey 0-0: Called Strike
0-1: Foul Ball, location: 2F
0-2: Ball
1-2: Foul Ball, location: 2F
1-2: Ground out 4-3 (Groundball, 4M, EV 86.9 MPH)
Batting: LHB Per Meulengracht 0-0: Fly out, F7 (Flyball, 7, EV 93.8 MPH)
Bottom of the 9th over - 0 runs, 0 hits, 0 errors, 0 left on base; New York 16 - San Diego 6
Wednesday, June 22nd , 2022 - OOTP Baseball 23.4 Build 64